cohdb
Replays
Latest Replays
All Replays
Popular Replays
Top Player Replays
Match Explorer
How It Works
Community
CoH3 Stats
Reddit
Sign in to upload your games and track your stats! →
Sign in with Steam
Match 43311441
Unlisted
Match 43311441
Overview
Messages
Build Orders
End
Construct Infanterie Kompanie
Selects Mechanized Battlegroup
Grenadier Squad
MG 42 Machine Gun Team
GrW 34 Mortar Team
Selects Spotting Scopes
Medical Station
Grenadier Squad
Construct Luftwaffe Kompanie
Luftwaffe Officer Quarters
Jäger Squad
Jäger Squad
Jäger Squad
Selects Wespe Self-propelled Artillery
Wespe Self-propelled Artillery
Construct Panzergrenadier Kompanie
Selects Raid Package
Selects StuG Assault Group
StuG Assault Group
Pak 40 Anti-tank Gun Team
Construct Panzer Kompanie
Selects UNKNOWN (2160084)
Selects Mechanized Assault
Pioneer Squad
Panther Heavy Tank
X-Skull
Schynige Pfister 69
HvorSkalDuHenrik
bigbalz69pepe
GatorTooth
vonAJ
Kris Jungle (PL)
goat_rodeo
0
0
Comments
sign in to comment!
No comments posted yet!